 Dungeon Crawl Stone Soup version 0.21-a0-94-gdd6ab6a (webtiles) character file.

116 sagitran the Fighter (level 5, 0/73 HPs)
             Began as a Gnoll Wanderer on July 3, 2017.
             Slain by a leopard gecko (2 damage)
             ... on level 4 of the Dungeon.
             The game lasted 00:10:28 (1388 turns).

sagitran the Fighter (Gnoll Wanderer)               Turns: 1388, Time: 00:10:29

Health: 0/73       AC: 22    Str:  9    XL:     5   Next: 0%
Magic:  15/15      EV:  2    Int: 19    God:
Gold:   114        SH:  4    Dex: 15    Spells: 4/4 levels left

rFire    . . .     SeeInvis .   q - +0 trident
rCold    . . .     Gourm    .   r - +0 buckler
rNeg     + + +     Faith    .   (armour currently unavailable)
rPois    +         Spirit   .   (helmet currently unavailable)
rElec    .         Reflect  .   (cloak currently unavailable)
rCorr    .         Harm     .   (gloves currently unavailable)
MR       .....     NoTele   +   (boots currently unavailable)
Stlth    ++........             (no amulet)
HPRegen  0.22/turn              j - ring of teleportation (curse)
MPRegen  0.14/turn              e - ring of magical power

@: brilliant, lethally poisoned (0 -> 0), tree-form
A: short attention span, strong nose
a: no special abilities


You were on level 4 of the Dungeon.
You were near starving.
You were a tree.
You visited 1 branch of the dungeon, and saw 4 of its levels.

You collected 114 gold pieces.

Inventory:

Hand Weapons
 a - a +2 hand crossbow
 c - a +0 shortbow
 i - a +0 short sword
 q - a +0 trident (weapon)
 s - a +0 falchion
Missiles
 b - 2 bolts
 d - 24 arrows
 h - 103 stones (quivered)
Armour
 f - a +0 robe (melded)
 r - a +0 buckler (worn)
Jewellery
 e - a ring of magical power (right branch)
 j - a cursed ring of teleportation (left branch)
 o - an uncursed ring of positive energy {unknown}
Wands
 n - a wand of confusion (21/48)
Potions
 m - 3 potions of brilliance
Comestibles
 g - a bread ration
 k - 2 fruits
 p - a royal jelly


   Skills:
 + Level 8.0 Fighting
 + Level 1.4 Short Blades
 + Level 0.9 Bows
 + Level 5.1 Crossbows
 + Level 1.2 Throwing
 + Level 1.7 Armour
 + Level 1.9 Dodging
 + Level 0.4 Stealth
 + Level 1.7 Shields
 + Level 1.7 Evocations


You had 4 spell levels left.
You didn't know any spells.

Dungeon Overview and Level Annotations

Branches:
Dungeon (4/15)
 Temple: D:4-7

Altars:
Okawaru


Innate Abilities, Weirdness & Mutations

You have a short attention span.
((You have very sharp teeth.))
Your uncanny sense of smell can sniff out nearby items.


Message History

You climb downwards.
Found 26 gold pieces.
There is a stone staircase leading up here.
You miss the leopard gecko.
You feel sick. The leopard gecko bites you.
* * * LOW HITPOINT WARNING * * *
The rat bites you.
* * * LOW HITPOINT WARNING * * *
The leopard gecko bites you.
* * * LOW HITPOINT WARNING * * *
The rat closely misses you.
You turn into a tree.
Your +0 robe melds into your body.
Your roots penetrate the ground.
The leopard gecko bites you but does no damage.
The rat bites you but does no damage.
It was a potion of brilliance.
You feel clever all of a sudden.
The leopard gecko bites you but does no damage.
The rat bites you but does no damage.
You hit the rat but do no damage.
You feel sick. The leopard gecko bites you.
You die...

#∆
####.####
#.....♣.#
#....r$l#
#.......#
#.......#
.........#
##.......#
#......$#
#.......#


You could see a leopard gecko and a rat.

Vanquished Creatures
  4 adders
  3 worms
  3 dart slugs
  2 leopard geckos (D:1)
  2 orcs (D:3)
  4 ball pythons
  3 bats
  5 giant cockroaches
  8 goblins
  7 hobgoblins
  A quokka (D:2)
  5 frilled lizards
  7 kobolds
  7 rats (D:1)
61 creatures vanquished.

Notes
Turn   | Place    | Note
-------+----------+-------------------------------------------
     0 | D:1      | sagitran the Gnoll Wanderer began the quest for the Orb.
     0 | D:1      | sagitran set off with: a +2 hand crossbow, 21 bolts, a +0 shortbow, 27 arrows, a potion of lignification, a +0 robe, a bread ration
     0 | D:1      | Reached XP level 1. HP: 24/24 MP: 2/2
    36 | D:1      | Reached XP level 2. HP: 31/31 MP: 3/3
   340 | D:1      | Reached XP level 3. HP: 37/37 MP: 4/4
   360 | D:1      | Reached skill level 1 in Dodging
   685 | D:2      | Reached skill level 1 in Throwing
   685 | D:2      | Reached XP level 4. HP: 9/44 MP: 5/5
   902 | D:2      | Reached skill level 8 in Fighting
   987 | D:2      | Reached skill level 1 in Short Blades
  1346 | D:3      | Found an iron altar of Okawaru.
  1355 | D:3      | Reached skill level 5 in Crossbows
  1377 | D:3      | Reached XP level 5. HP: 33/49 MP: 6/6
  1385 | D:4      | HP: 2/49 [leopard gecko (1)]
  1388 | D:4      | Slain by a leopard gecko

Vault maps used:
D:1:      sevenhm_arrival_forest_fort_small_6, st_stairs_3, corner_web_ring
D:2:      minmay_strange_pillars
D:3:      okawaru_ov_weapons_minmay, first_bread, bh_walls_and_bars
D:4:      lemuel_blue_sif_altar, temple_statues, uniq_blork_the_orc

Skill      XL: |  1  2  3  4 |
---------------+-------------+-----
Dodging        | 1 |  1.9
Crossbows      | 4 5 |  5.1
Throwing       | 1 |  1.2
Fighting       | 8 |  8.0
Short Blades   | 1 |  1.4
Bows           | |  0.9
Armour         | |  1.7
Stealth        | |  0.4
Shields        | |  1.7
Evocations     | |  1.7

Action                   |  1- 3 |  4- 6 || total
-------------------------+-------+-------++-------
Melee: Short sword       |     4 |    31 ||    35
       Trident           |       |    21 ||    21
 Fire: Hand crossbow     |    81 |    18 ||    99
       Shortbow          |    13 |     4 ||    17
Throw: Stone             |    11 |    24 ||    35
  Use: Scroll            |     3 |     2 ||     5
       Potion            |     1 |     4 ||     5
 Stab: Sleeping          |       |     1 ||     1
Armor: Robe              |    10 |    11 ||    21
       Skin              |   171 |    18 ||   189
Dodge: Dodged            |    49 |    36 ||    85
Block: Buckler           |       |     8 ||     8
